 Dungeon Crawl Stone Soup version 0.30.1-9-gdf580d7c3d (webtiles) character file.

Game seed: 719715165139799152

4675 Cerril the Firebug (level 10, -6/74 HPs)
             Began as a Barachi Fire Elementalist on Oct 24, 2023.
             Was a High Priest of Ignis.
             Mangled by a boulder beetle (14 damage)
             ... on level 11 of the Dungeon.
             The game lasted 00:34:03 (10933 turns).

Cerril the Firebug (Barachi Fire Elementalist)     Turns: 10933, Time: 00:34:04

Health: -6/74      AC: 12    Str:  6    XL:     10   Next: 44%
Magic:  8/17       EV: 15    Int: 19    God:    Ignis [*****.]
Gold:   432        SH:  0    Dex: 18    Spells: 0/19 levels left

rFire   + + +        u - +7 trident "Dagh" {protect, rPois Dex+5}
rCold   . . .        (no shield)
rNeg    . . .        x - +2 robe {rF+}
rPois   +            (no helmet)
rElec   .            j - +2 cloak
rCorr   .            e - +2 pair of gloves of the Lair of Beasts {rF+++ Str-4 Slay-2 SInv}
SInv    +            C - +0 pair of boots
Will    .....        (no amulet)
Stlth   +++          z - ring of protection from cold
HPRegen 0.32/turn    E - ring of fire
MPRegen 0.15/turn

%: no passive effects
@: slow
A: amphibious, slowness 1, strong legs 1, +LOS
a: Hop, Renounce Religion, Fiery Armour, Foxfire Swarm, Rising Flame


You were on level 11 of the Dungeon.
You worshipped Ignis.
Ignis was extremely pleased with you.
You visited 1 branch of the dungeon, and saw 9 of its levels.
You also visited: Sewer.

You collected 610 gold pieces.
You spent 178 gold pieces at shops.

Inventory:

Hand Weapons
 u - the +7 trident "Dagh" (weapon) {protect, rPois Dex+5}
   (You bought it in a shop on level 1 of the Dungeon)

   Dex:       It affects your dexterity (+5).
   rPois:     It protects you from poison.
Missiles
 c - 2 throwing nets
 f - 37 poisoned darts
 m - 6 curare-tipped darts
Armour
 e - the +2 pair of gloves of the Lair of Beasts (worn) {rF+++ Str-4 Slay-2 SInv}
   (You acquired it on level 2 of the Dungeon)

   Str:       It affects your strength (-4).
   Slay:      It affects your accuracy & damage with ranged weapons and melee
   (-2).
   rF:        It renders you almost immune to fire.
   SInv:      It lets you see invisible.
 g - a +0 leather armour
 j - a +2 cloak (worn)
 q - an orb of wrath
 x - a +2 robe of fire resistance (worn)
 C - a +0 pair of boots (worn)
Magical Staves
 i - a staff of air
Jewellery
 s - a ring of see invisible
 z - a ring of protection from cold (left hand)
 E - a ring of fire (right hand)
Wands
 h - a wand of flame (15)
 y - a wand of paralysis (4)
Scrolls
 a - a scroll of brand weapon
 b - a scroll of vulnerability
 o - 2 scrolls of enchant armour
 v - 4 scrolls of teleportation
 w - a scroll of poison
 A - a scroll of fear
 G - a scroll of blinking {unknown}
Potions
 d - 2 potions of cancellation
 k - a potion of invisibility
 l - 5 potions of resistance
 n - 3 potions of haste
 r - 2 potions of brilliance
 t - a potion of ambrosia
 B - 6 potions of flight
 D - a potion of mutation
 F - a potion of might {unknown}


   Skills:
 + Level 5.5 Fighting
 + Level 4.0 Polearms
 + Level 5.4 Armour
 + Level 5.5 Dodging
 + Level 5.1 Stealth
 + Level 5.2 Spellcasting
 + Level 5.4 Conjurations
 + Level 1.2 Hexes
 + Level 4.7 Translocations
 + Level 1.0 Transmutations
 * Level 6.3 Fire Magic
 + Level 4.4 Evocations


You couldn't memorise any spells.
You knew the following spells:

 Your Spells              Type           Power      Damage    Failure   Level
a - Foxfire               Conj/Fire      100%       2x1d9     1%          1
b - Scorch                Fire           86%        2d9       1%          2
c - Volatile Blastmotes   Fire/Tloc      78%        2d16      3%          3
d - Flame Wave            Conj/Fire      41%        2d11      11%         4
e - Sticky Flame          Conj/Fire      41%        2d6       11%         4
f - Yara's Violent Unrav  Hex/Tmut       4%         3d4       91%         5

Your spell library contained the following spells:

 Spells                   Type           Power      Damage    Failure   Level
 Kiss of Death            Conj/Necr      60%        2d10      4%          1
 Shock                    Conj/Air       60%        1d6       4%          1
 Inner Flame              Hex/Fire       29%        N/A       8%          3
 Portal Projectile        Hex/Tloc       32%        N/A       11%         3
 Confusing Touch          Hex            9%         N/A       22%         3
 Tukima's Dance           Hex            9%         N/A       22%         3
 Swiftness                Air            5%         N/A       36%         3
 Airstrike                Air            2%         2d(1-17)  77%         4
 Dispel Undead            Necr           5%         3d7       77%         4
 Blade Hands              Tmut           4%         N/A       91%         5
 Summon Cactus Giant      Summ           2%         N/A       100%        6
 Enfeeble                 Hex            4%         N/A       100%        7


Dungeon Overview and Level Annotations

Branches:
Dungeon (11/15)            Temple (0/1) D:5           Sewer (visited)
   Lair: D:8-11         Orc: D:9-12

Altars:
Dithmenos
Yredelemnul
Zin
Ignis

Shops:
D:1 (   D:7 (   D:8 :


Innate Abilities, Weirdness & Mutations

You are amphibious.
You cover ground slowly.
You can hop short distances.
You have an extended range of vision and can be seen from far away.


Message History

The boulder beetle barely misses you.
Casting: Scorch (safe; 1% risk of failure)
Confirm with . or Enter, or press ? or * to list all spells.
You feel a surge of power!
A cloud of volatile blastmotes flares up around you!
The boulder beetle bites you.
The cloud of blastmotes explodes!
The concussive blast engulfs the boulder beetle.
The boulder beetle is lightly wounded.
The concussive blast engulfs you. You resist.
The boulder beetle bites you but does no damage.
Casting: Volatile Blastmotes (dangerous; 3% risk of failure)
Confirm with . or Enter, or press ? or * to list all spells.
You feel a surge of power!
Flames lash the boulder beetle but do no damage.
The boulder beetle is no longer more vulnerable to fire.
The boulder beetle closely misses you.
Casting: Scorch (safe; 1% risk of failure)
Confirm with . or Enter, or press ? or * to list all spells.
You feel a surge of power!
Flames lash the boulder beetle.
The boulder beetle is lightly wounded.
The boulder beetle's fire resistance burns away.
The boulder beetle misses you.
You hit the boulder beetle.
Your weapon exudes an aura of protection.
The boulder beetle is lightly wounded.
The boulder beetle bites you!
A troll comes into view.
You hit the boulder beetle but do no damage.
The boulder beetle is lightly wounded.
The boulder beetle bites you!!
The boulder beetle attacks as you move away!
The boulder beetle bites you!
* * * LOW HITPOINT WARNING * * *
The boulder beetle is no longer more vulnerable to fire.
The boulder beetle attacks as you move away!
The boulder beetle bites you!
* * * LOW HITPOINT WARNING * * *
The boulder beetle bites you!
You die...

.. .. #.## ###. #..##
#...
##).#########.#######.
##))...................
...#.####....).##...T..
####.# #....#....#
#.####....#.#####.#
#...........#@....#
#..###......B.#####
#### #)...##### #....#
#....# #....# ######


You could see a boulder beetle.

Vanquished Creatures
  The ghost of hawkwood the Fighter, a novice DgAr (D:7)
  A hornet (D:7)
  Sigmund (D:2)
  7 vampire mosquitoes
  6 ice beasts
  2 black bears (D:6)
  A phantom (D:7)
  2 kobold brigands
  Blork the orc (D:6)
  2 bullfrogs
  2 scorpions
  4 wights (D:7)
  8 killer bees
  A howler monkey (D:6)
  A wyvern simulacrum (D:7)
  2 gnoll boudas
  2 hounds
  4 jellies
  2 orc priests
  3 iguanas
  5 orc wizards
  A bullfrog simulacrum (D:7)
  11 gnolls
  16 adders
  6 river rats (Sewer)
  2 shadow imps
  3 white imps
  2 worms
  2 dart slugs
  11 orcs
  15 bats
  9 endoplasms
  8 giant cockroaches
  2 goblins
  12 hobgoblins
  11 jackals
  18 kobolds
  3 quokkas (Sewer)
  11 ball pythons
  3 frilled lizards
  5 rats
209 creatures vanquished.

Vanquished Creatures (others)
  352 foxfires
352 creatures vanquished.

Grand Total: 561 creatures vanquished

Notes
Turn   | Place    | Note
-------+----------+-------------------------------------------
     0 | D:1      | Cerril the Barachi Fire Elementalist began the quest for
                  | the Orb.
     0 | D:1      | Reached XP level 1. HP: 13/13 MP: 3/3
    83 | D:1      | Found Untunol's Antique Weapon Shop.
   221 | D:1      | Reached XP level 2. HP: 20/20 MP: 1/5
   229 | D:1      | Learned a level 2 spell: Scorch
   644 | D:1      | Reached skill level 1 in Fighting
   756 | D:1      | Reached XP level 3. HP: 26/26 MP: 3/6
   760 | D:1      | Learned a level 3 spell: Volatile Blastmotes
  1273 | D:2      | Reached skill level 1 in Armour
  1359 | D:2      | Reached XP level 4. HP: 2/32 MP: 0/7
  1538 | D:1      | HP: 1/33 [gnoll/+0 flail (2)]
  1542 | D:1      | Prayed at the altar of an unknown god.
  1542 | D:1      | Became a worshipper of Ignis, the Dying Flame
  1756 | D:2      | Noticed Sigmund
  1767 | D:2      | Killed Sigmund
  1768 | D:2      | Reached skill level 1 in Translocations
  1768 | D:2      | Reached skill level 4 in Fire Magic
  1768 | D:2      | Reached XP level 5. HP: 36/39 MP: 2/9
  1768 | D:2      | Reached XP level 6. HP: 42/45 MP: 2/10
  1773 | D:2      | Learned a level 4 spell: Flame Wave
  1952 | D:2      | Identified a scroll of acquirement
  1952 | D:2      | Acquired the +2 pair of gloves of the Lair of Beasts {rF+++
                  | Str-4 Slay-2 SInv}
  3892 | D:1      | Bought a translucent trident for 178 gold pieces
  3892 | D:1      | Identified the +7 trident "Dagh" {protect, rPois Dex+5}
                  | (You bought it in a shop on level 1 of the Dungeon)
  4973 | D:5      | Entered Level 5 of the Dungeon
  5188 | D:5      | Reached XP level 7. HP: 25/51 MP: 2/11
  5208 | D:5      | Reached skill level 1 in Polearms
  5368 | D:5      | Found a staircase to the Ecumenical Temple.
  5540 | D:5      | Reached skill level 1 in Evocations
  6869 | D:6      | Noticed Blork the orc
  6882 | D:6      | Killed Blork the orc
  6975 | D:6      | Found a basalt altar of Yredelemnul.
  7069 | D:6      | Reached XP level 8. HP: 54/58 MP: 0/13
  7331 | D:6      | Found a glowing drain.
  7344 | Sewer    | Entered a sewer
  8681 | D:7      | Found a shadowy altar of Dithmenos.
  8724 | D:7      | Found a glowing silver altar of Zin.
  8777 | D:7      | Identified the +1 leather armour of Loss {*Corrode Str+3}
  8888 | D:7      | Reached skill level 5 in Fire Magic
  9034 | D:7      | Reached XP level 9. HP: 64/65 MP: 10/15
  9459 | D:7      | Found a transporter.
  9460 | D:7      | Found Faplawku's Weapon Shop.
  9492 | D:7      | Found a runed translucent gate.
  9492 | D:7      | Found a runed translucent gate.
  9492 | D:7      | Found a runed translucent gate.
  9583 | D:7      | Found a transporter.
  9633 | D:7      | Noticed hawkwood's ghost (novice DgAr)
  9909 | D:7      | Noticed a hornet
  9917 | D:7      | Killed a hornet
  9918 | D:7      | Reached skill level 5 in Dodging
  9923 | D:7      | Learned a level 4 spell: Sticky Flame
 10204 | D:7      | Reached skill level 5 in Fighting
 10238 | D:7      | Reached skill level 5 in Armour
 10273 | D:7      | Reached skill level 5 in Conjurations
 10287 | D:7      | Killed hawkwood's ghost
 10288 | D:7      | Reached skill level 5 in Spellcasting
 10288 | D:7      | Reached skill level 6 in Fire Magic
 10288 | D:7      | Reached XP level 10. HP: 25/74 MP: 3/17
 10314 | D:7      | Learned a level 5 spell: Yara's Violent Unravelling
 10577 | D:7      | Reached skill level 5 in Stealth
 10626 | D:8      | Found Ruatoam's Book Shoppe.
 10659 | D:8      | You fall into a shaft and drop 3 floors!
 10682 | D:11     | Noticed a boulder beetle
 10719 | D:11     | Reached skill level 1 in Hexes
 10829 | D:11     | Reached skill level 1 in Transmutations
 10933 | D:11     | Mangled by a boulder beetle

Illustrated notes

Levels and vault maps discovered:
D:1:      spicycebolla_arrival_ecumenical, layout_loops_ring, serial_shops,
          shop_coins
D:2:      layout_loops_ring, lemuel_flame_loot_1, uniq_sigmund
D:3:      layout_basic, kennysheep_path_1
D:4:      layout_basic, fountainhead, hangedman_abyss_or_decor_slice
D:5:      layout_layer_cave, minmay_temple_entry_mist, columned_hall_lemuel
D:6:      layout_rooms, mainiacjoe_overflow_alcove_1, portal_sewer_entry_d,
          minmay_misc_feat_four_crosses, uniq_blork_the_orc
D:7:      layout_loops_corners, grunt_dithmenos_smoke_and_mirrors,
          lemuel_doored_altar, gammafunk_ghost_icy, serial_shops,
          nicolae_shop_drivethru
D:8:      layout_loops_ring, mainiacjoe_overflow_boulevard, serial_shops,
          kennysheep_little_box, nicolae_shop_hallway_plus,
          nicolae_stop_n_shop_2, shop
D:11:     layout_rooms, nicolae_trove_entry_isolated, serial_shops, shop

Skill      XL: |  1  2  3  4  5  6  7  8  9 10 |
---------------+-------------------------------+-----
Stealth        | 2 3 4 5 |  5.1
Fighting       | 1 2 3 4 5 |  5.5
Armour         | 1 2 3 4 5 |  5.4
Conjurations   | 2 3 4 5 |  5.4
Dodging        | 3 4 5 |  5.5
Spellcasting   | 3 4 5 |  5.2
Translocations | 1 2 3 4 |  4.7
Fire Magic     | 4 5 6 |  6.3
Polearms       | 1 2 3 4 |  4.0
Evocations     | 1 2 4 |  4.4
Hexes          | 1 |  1.2
Transmutations | 1 |  1.0

Action                     |  1- 3 |  4- 6 |  7- 9 | 10-12 || total
---------------------------+-------+-------+-------+-------++-------
  Melee: Unarmed           |    29 |       |       |       ||    29
         Dagger            |    63 |    32 |       |       ||    95
         Halberd           |       |    40 |       |       ||    40
         Trident           |       |    10 |   226 |    22 ||   258
         Punch             |       |       |     2 |     1 ||     3
   Cast: Foxfire           |    39 |    85 |    98 |    11 ||   233
         Scorch            |     6 |    16 |    40 |    22 ||    84
         Volatile Blastmot |       |     7 |    17 |     5 ||    29
         Flame Wave        |       |       |     2 |       ||     2
 Invoke: Fiery Armour      |       |       |     1 |       ||     1
Ability: Hop               |     1 |       |       |       ||     1
    Use: Scroll            |     4 |     9 |     9 |       ||    22
         Potion            |     2 |     2 |     6 |     3 ||    13
   Stab: Sleeping          |     1 |     5 |     6 |       ||    12
         Invisible         |       |       |       |     1 ||     1
 Armour: Robe              |    34 |    28 |   110 |    30 ||   202
         Skin              |       |       |    32 |       ||    32
  Dodge: Dodged            |    84 |    85 |   201 |    82 ||   452
